 Dungeon Crawl Stone Soup version 0.21-a0-50-g941c862 (webtiles) character file.

181 graymark the Skirmisher (level 5, 0/42 HPs)
             Began as a Demonspawn Abyssal Knight on June 11, 2017.
             Was a Follower of Lugonu.
             Slain by a hound (5 damage)
             ... on level 4 of the Dungeon.
             The game lasted 00:07:50 (3793 turns).

graymark the Skirmisher (Demonspawn Abyssal Knight) Turns: 3793, Time: 00:07:51

Health: 0/42       AC:  7    Str: 14    XL:     5   Next: 34%
Magic:  7/7        EV: 12    Int: 13    God:    Lugonu [*.....]
Gold:   121        SH:  0    Dex: 12    Spells: 4/4 levels left

rFire    . . .     SeeInvis .   a - +1 hand axe
rCold    . . .     Gourm    .   (no shield)
rNeg     . . .     Faith    .   b - +0 leather armour
rPois    .         Spirit   .   k - +0 helmet
rElec    .         Reflect  .   (no cloak)
rCorr    .         Harm     .   g - +0 pair of gloves
MR       .....                  (no boots)
Stlth    +.........             (no amulet)
Regen    0.2/turn               (no ring)
MPRegen  0.1/turn               (no ring)

@: slowed, very slow
A: talons 1, thin metallic scales 1, powered by pain 1
a: Depart the Abyss, Renounce Religion


You were on level 4 of the Dungeon.
You worshipped Lugonu.
Lugonu was aware of your devotion.
You were not hungry.

You visited 1 branch of the dungeon, and saw 3 of its levels.
You visited the Abyss 1 time.

You collected 121 gold pieces.

Inventory:

Hand Weapons
 a - a +1 hand axe (weapon)
Armour
 b - a +0 leather armour (worn)
 g - a +0 pair of gloves (worn)
 k - a +0 helmet (worn)
Magical Staves
 d - an uncursed staff of energy
Scrolls
 e - a scroll of remove curse {unknown}
 i - a scroll of magic mapping {unknown}
 n - a scroll of blinking
 o - a scroll of recharging {unknown}
 q - a scroll of teleportation {unknown}
 r - 2 scrolls of identify
Potions
 j - a potion of might
 l - a potion of heal wounds
Comestibles
 c - a bread ration
 f - a meat ration
 h - 3 fruits
 m - a royal jelly


   Skills:
 + Level 3.8 Fighting
 + Level 3.0 Axes
 + Level 2.7 Armour
 + Level 2.0 Dodging
 + Level 3.5 Invocations


You had 4 spell levels left.
You didn't know any spells.

Dungeon Overview and Level Annotations

Branches:
Dungeon (2/15)

Altars:


Innate Abilities, Weirdness & Mutations

You have sharp toenails.
You are partially covered in thin metallic scales. (AC +2)
You sometimes gain a little power by taking damage.


Message History

The orc priest looks satisfied for a moment.
The hound bites you but does no damage. The hound bites you.
The orc wizard gestures wildly while chanting.
The orc wizard blinks!
The hound bites you.
* * * LOW HITPOINT WARNING * * *
The hound bites you.
* * * LOW HITPOINT WARNING * * *
The orc wizard casts a spell.
The orc wizard blinks!
The hound bites you but does no damage. The hound barely misses you.
The orc wizard gestures wildly while chanting.
The orc wizard blinks!
The hound bites you.
* * * LOW HITPOINT WARNING * * *
Found a stone staircase leading up.
The hound bites you.
* * * LOW HITPOINT WARNING * * *
The hound bites you.
You die...

#.## #.# #.#..#
#.# #.##.###.#
...#..##.#
..##.##.#
<.##..#.#
#.###.#.# #.#
#...# #####
#@####..# ...#
#.h.#..>#
####.######o#.###
#.......oo.o#.#
#..#.#.########.#
# ...#.# ######.#
..o###.# #......#
###. #.# #.######
# #.# #.#


You could see a hound and 2 orc priests.

Vanquished Creatures
  A bullfrog zombie (D:2)
  A worker ant (D:4)
  An orc wizard (D:4)
  4 adders
  An ooze (D:2)
  A worm (D:2)
  2 dart slugs
  A leopard gecko (D:2)
  3 orcs (D:4)
  4 ball pythons
  5 bats
  A giant cockroach (D:4)
  4 goblins
  4 hobgoblins
  2 jackals
  5 kobolds
  A quokka (D:4)
  2 frilled lizards (D:1)
  A leopard gecko skeleton (D:4)
  A quokka skeleton (D:4)
  5 rats
50 creatures vanquished.

Notes
Turn   | Place    | Note
-------+----------+-------------------------------------------
     0 | Abyss:1  | graymark the Demonspawn Abyssal Knight began the quest for the Orb.
     0 | Abyss:1  | Reached XP level 1. HP: 18/18 MP: 2/2
    40 | Abyss:1  | Noticed a tentacled starspawn
    41 | Abyss:1  | Noticed a large abomination
    43 | D:1      | Escaped the Abyss
   121 | D:1      | Reached * piety under Lugonu
   438 | D:1      | Gained mutation: You sometimes gain a little power by taking damage. [demonic ancestry]
   438 | D:1      | Reached XP level 2. HP: 22/24 MP: 3/3
   514 | D:1      | Reached skill level 1 in Dodging
  1317 | D:2      | Gained mutation: You are partially covered in thin metallic scales. (AC +2) [demonic ancestry]
  1317 | D:2      | Reached XP level 3. HP: 19/29 MP: 4/4
  1830 | D:2      | Reached XP level 4. HP: 22/35 MP: 4/6
  2257 | D:2      | You fall through a shaft for 2 floors!
  2627 | D:4      | HP: 1/36 [orc wizard/dagger of protection (1)]
  2641 | D:4      | Gained mutation: You have sharp toenails. [demonic ancestry]
  2641 | D:4      | Reached XP level 5. HP: 8/41 MP: 7/7
  3275 | D:4      | Reached ** piety under Lugonu
  3793 | D:4      | Slain by a hound

Vault maps used:
D:1:      dpeg_arrival_more_subterranean_lakeside_camping,
          minmay_misc_feat_square, minmay_shallow_snake_nest
D:2:      kennysheep_generic_room_4
D:4:      patterned_corridor, uniq_grinder

Skill      XL: |  1  2  3  4  5 |
---------------+----------------+-----
Armour         | 2 |  2.7
Axes           | 2 3 |  3.0
Dodging        | 1 2 |  2.0
Invocations    | 3 |  3.5
Fighting       | |  3.8

Action                   |  1- 3 |  4- 6 || total
-------------------------+-------+-------++-------
Melee: Hand axe          |   106 |   119 ||   225
       Kick              |       |     4 ||     4
Invok: Depart the Abyss  |     1 |       ||     1
  Use: Potion            |     1 |     6 ||     7
       Scroll            |     1 |     2 ||     3
  Eat: Chunk             |     2 |     6 ||     8
       Fruit             |     1 |       ||     1
Armor: Leather armour    |    32 |    30 ||    62
       Skin              |       |     2 ||     2
Dodge: Dodged            |    60 |    61 ||   121
